BSA
GREENVILLE 84S @ NEW YORK KNIGHTS
09/04/2030
 
TOP OF THE 1ST
Greenville 84s batting - Pitching for New York Knights : RHP Tony Meyer
Pitching: RHP Tony Meyer
Batting: LHB Stanley Smith 0-0: Called Strike
0-1: Ball
1-1: Swinging Strike
1-2: Foul Ball, location: 2F
1-2: Ball
2-2: Foul Ball, location: 2F
2-2: Strikes out looking
Batting: RHB Ramiro Chávez 0-0: Foul Ball, location: 2F
0-1: Ball
1-1: Ball
2-1: Ball
3-1: Called Strike
3-2: SINGLE (Groundball, 6) (infield hit)
Batting: LHB Robert Moore 0-0: Ball
1-0: Swinging Strike
1-1: Foul Ball, location: 2F
1-2: Ball
2-2: Foul Ball, location: 2F
2-2: Strikes out looking
Batting: RHB Pat Fernández 0-0: Called Strike
0-1: Ball
1-1: Ball
2-1: Called Strike
2-2: Ball
3-2: Foul Ball, location: 2F
3-2: Base on Balls
Ramiro Chávez to second
Batting: LHB Jimmy Vickers 0-0: Ball
1-0: Foul Ball, location: 2F
Balk!
Ramiro Chávez to third
Pat Fernández to second
1-1: Foul Ball, location: 2F
1-2: Ball
2-2: Strikes out swinging
Top of the 1st over - 0 runs, 1 hit, 0 errors, 2 left on base; Greenville 0 - New York 0
BOTTOM OF THE 1ST
New York Knights batting - Pitching for Greenville 84s : LHP Darrell Harding
Pitching: LHP Darrell Harding
Batting: LHB Bob Campbell 0-0: Called Strike
0-1: SINGLE (Groundball, 5D)
Batting: RHB Jackson Gibson 0-0: Swinging Strike
0-1: Called Strike
0-2: Strikes out swinging
Batting: LHB Willie Wallace 0-0: Ball
1-0: Ball
2-0: Ball
3-0: Fly out, F6 (Line Drive, 6)
Batting: SHB Mark Wells 0-0: Called Strike
0-1: Ball
Wild Pitch!
Bob Campbell to second
1-1: Ball
2-1: Called Strike
2-2: Foul Ball, location: 2F
2-2: Ball
3-2: Strikes out swinging
Bottom of the 1st over - 0 runs, 1 hit, 0 errors, 1 left on base; Greenville 0 - New York 0
TOP OF THE 2ND
Greenville 84s batting - Pitching for New York Knights : RHP Tony Meyer
Batting: RHB Patrick Potts 0-0: Fly out, F2 (Popup, 3SF)
Batting: RHB Robert Buckley 0-0: Ball
1-0: SINGLE (Line Drive, 4M)
Batting: RHB Jeff Packard Pickoff Throw to First - Out!
0-0: Called Strike
0-1: Ball
1-1: Ball
2-1: Ground out 3-1 (Groundball, 34S)
Top of the 2nd over - 0 runs, 1 hit, 0 errors, 0 left on base; Greenville 0 - New York 0
BOTTOM OF THE 2ND
New York Knights batting - Pitching for Greenville 84s : LHP Darrell Harding
Batting: RHB Alberto Hernández 0-0: Foul Ball, location: 2F
0-1: Ball
1-1: Ball
2-1: Ball
3-1: Foul Ball, location: 2F
3-2: Base on Balls
Batting: RHB Gerald Miller 0-0: Ball
1-0: Ground out 6-3 (Groundball, 6S)
Alberto Hernández to second
Batting: RHB Robert Downing 0-0: Ball
1-0: Ball
2-0: Called Strike
2-1: Ball
3-1: SINGLE (Line Drive, 56D)
Alberto Hernández to third
Runner from 3rd tries for Home, SAFE, no throw
Batting: RHB Jason Blair 0-0: Ball
1-0: DOUBLE (Line Drive, 9LM)
Robert Downing to third
Batting: SHB Chris Young 0-0: Ball
1-0: Swinging Strike
1-1: Ball
2-1: Ball
3-1: Called Strike
3-2: Strikes out swinging
Batting: LHB Bob Campbell 0-0: Ball
1-0: Swinging Strike
1-1: Foul Ball, location: 2F
1-2: Ground out 3-1 (Groundball, 34)
Bottom of the 2nd over - 1 run, 2 hits, 0 errors, 2 left on base; Greenville 0 - New York 1
TOP OF THE 3RD
Greenville 84s batting - Pitching for New York Knights : RHP Tony Meyer
Batting: LHB Andrés Vázquez 0-0: Ball
1-0: Ball
2-0: Swinging Strike
2-1: Foul Ball, location: 2F
2-2: Ball
3-2: Ground out 6-3 (Groundball, 6S)
Batting: LHB Stanley Smith 0-0: Ball
1-0: Ball
2-0: SINGLE (Groundball, 34D)
Batting: RHB Ramiro Chávez 0-0: Foul Ball, location: 2F
0-1: Ball
1-1: Ball
2-1: Ball
3-1: Foul Ball, location: 2F
3-2: Strikes out swinging
Batting: LHB Robert Moore 0-0: Ball
1-0: Ball
2-0: Ground out 4-3 (Groundball, 4)
Top of the 3rd over - 0 runs, 1 hit, 0 errors, 1 left on base; Greenville 0 - New York 1
BOTTOM OF THE 3RD
New York Knights batting - Pitching for Greenville 84s : LHP Darrell Harding
Batting: RHB Jackson Gibson 0-0: Ball
1-0: SINGLE (Line Drive, 78M)
Batting: LHB Willie Wallace 0-0: Called Strike
0-1: Swinging Strike
0-2: Strikes out swinging
Batting: SHB Mark Wells 0-0: Foul Ball, location: 2F
0-1: Foul Ball, location: 2F
0-2: Strikes out swinging
Batting: RHB Alberto Hernández 0-0: Called Strike
0-1: Ball
1-1: Ball
2-1: Fly out, F7 (Flyball, 7LD)
Bottom of the 3rd over - 0 runs, 1 hit, 0 errors, 1 left on base; Greenville 0 - New York 1
TOP OF THE 4TH
Greenville 84s batting - Pitching for New York Knights : RHP Tony Meyer
Batting: RHB Pat Fernández 0-0: Foul Ball, location: 2F
0-1: Ball
1-1: Foul Ball, location: 2F
1-2: Ball
2-2: Ball
3-2: Foul Ball, location: 2F
3-2: Foul Ball, location: 2F
3-2: Fly out, F8 (Flyball, 8RD)
Batting: LHB Jimmy Vickers 0-0: Swinging Strike
0-1: Ground out U3 (Groundball, 3L)
Batting: RHB Patrick Potts 0-0: Swinging Strike
0-1: Ball
1-1: Swinging Strike
1-2: Strikes out swinging
Top of the 4th over - 0 runs, 0 hits, 0 errors, 0 left on base; Greenville 0 - New York 1
BOTTOM OF THE 4TH
New York Knights batting - Pitching for Greenville 84s : LHP Darrell Harding
Batting: RHB Gerald Miller 0-0: Fly out, F7 (Flyball, 78S)
Batting: RHB Robert Downing 0-0: Foul Ball, location: 2F
0-1: Ball
1-1: Ball
2-1: Foul Ball, location: 2F
2-2: Foul Ball, location: 2F
2-2: Foul Ball, location: 2F
2-2: Foul Ball, location: 2F
2-2: Ball
3-2: Base on Balls
Batting: RHB Jason Blair 0-0: Called Strike
0-1: TRIPLE (Flyball, 9D)
Robert Downing scores
Batting: SHB Chris Young 0-0: Foul Ball, location: 2F
0-1: Called Strike
0-2: Hit by Pitch
Batting: LHB Bob Campbell 0-0: Called Strike
0-1: Foul Ball, location: 2F
0-2: Strikes out swinging
Batting: RHB Jackson Gibson 0-0: Called Strike
0-1: 3-RUN HOME RUN (Flyball, 7LD), Distance : 343 ft
Batting: LHB Willie Wallace 0-0: Ball
1-0: Swinging Strike
1-1: Fly out, F9 (Flyball, 9S)
Bottom of the 4th over - 4 runs, 2 hits, 0 errors, 0 left on base; Greenville 0 - New York 5
TOP OF THE 5TH
Greenville 84s batting - Pitching for New York Knights : RHP Tony Meyer
Batting: RHB Robert Buckley 0-0: Ball
1-0: Ball
2-0: Ball
3-0: Called Strike
3-1: Foul Ball, location: 2F
3-2: Foul Ball, location: 2F
3-2: Base on Balls
Batting: RHB Jeff Packard 0-0: Called Strike
0-1: Ball
1-1: Swinging Strike
1-2: Fly out, F7 (Flyball, 7D)
Batting: LHB Andrés Vázquez 0-0: Ball
1-0: Foul Ball, location: 2F
1-1: Ball
2-1: Swinging Strike
2-2: Ball
3-2: Foul Ball, location: 2F
3-2: Base on Balls
Robert Buckley to second
Batting: LHB Stanley Smith 0-0: Called Strike
0-1: Ball
1-1: Foul Ball, location: 2F
1-2: Foul Ball, location: 2F
1-2: Ball
2-2: Ground out 3-1 (Groundball, 3S)
Robert Buckley to third
Andrés Vázquez to second
Batting: RHB Ramiro Chávez 0-0: Called Strike
0-1: Called Strike
0-2: Foul Ball, location: 2F
0-2: Ball
1-2: Fly out, F4 (Line Drive, 4M)
Top of the 5th over - 0 runs, 0 hits, 0 errors, 2 left on base; Greenville 0 - New York 5
BOTTOM OF THE 5TH
New York Knights batting - Pitching for Greenville 84s : LHP Darrell Harding
Batting: SHB Mark Wells 0-0: Called Strike
0-1: Ground out 1-3 (Groundball, 13S)
Batting: RHB Alberto Hernández 0-0: Ball
1-0: Ball
2-0: Ground out 5-3 (Groundball, 56S)
Batting: RHB Gerald Miller 0-0: Swinging Strike
0-1: Ground out 4-3 (Groundball, 4)
Bottom of the 5th over - 0 runs, 0 hits, 0 errors, 0 left on base; Greenville 0 - New York 5
TOP OF THE 6TH
Greenville 84s batting - Pitching for New York Knights : RHP Tony Meyer
Batting: LHB Robert Moore 0-0: Ball
1-0: Foul Ball, location: 2F
1-1: Ball
2-1: Ball
3-1: SINGLE (Line Drive, 9S)
Batting: RHB Pat Fernández 0-0: Ball
1-0: Swinging Strike
1-1: Ball
2-1: Foul Ball, location: 2F
2-2: Ball
3-2: Strikes out looking
Pitching: LHP Henny van der Lack
Batting: LHB Jimmy Vickers 0-0: Foul Ball, location: 2F
0-1: Fly out, F8 (Flyball, 8LXD)
Batting: RHB Patrick Potts 0-0: Foul Ball, location: 2F
0-1: Ball
1-1: Called Strike
1-2: Ball
2-2: DOUBLE (Groundball, 5L)
Robert Moore to third
Runner from 3rd tries for Home, SAFE, no throw
Batting: RHB Robert Buckley 0-0: Ball
1-0: Called Strike
1-1: Called Strike
1-2: Strikes out swinging
Top of the 6th over - 1 run, 2 hits, 0 errors, 1 left on base; Greenville 1 - New York 5
BOTTOM OF THE 6TH
New York Knights batting - Pitching for Greenville 84s : LHP Darrell Harding
Pitching: LHP Walt MacKey
Batting: RHB Robert Downing 0-0: Foul Ball, location: 2F
0-1: Foul Ball, location: 2F
0-2: SINGLE (Groundball, 25) (infield hit)
Batting: RHB Jason Blair 0-0: Ball
1-0: Grounds into double play, 4-6-3 (Groundball, 4)
Batting: SHB Chris Young 0-0: Swinging Strike
0-1: Ground out 5-3 (Groundball, 5)
Bottom of the 6th over - 0 runs, 1 hit, 0 errors, 0 left on base; Greenville 1 - New York 5
TOP OF THE 7TH
Greenville 84s batting - Pitching for New York Knights : LHP Henny van der Lack
Batting: RHB Jeff Packard 0-0: Ball
1-0: Fly out, F7 (Flyball, 7S)
Batting: LHB Andrés Vázquez 0-0: Called Strike
0-1: Ball
1-1: Called Strike
1-2: Foul Ball, location: 2F
1-2: Foul Ball, location: 2F
1-2: SINGLE (Line Drive, 7S)
Batting: LHB Stanley Smith 0-0: Ball
1-0: Ball
2-0: Swinging Strike
2-1: Fly out, F8 (Flyball, 8RD)
Batting: RHB Ramiro Chávez 0-0: Ball
1-0: Ball
2-0: Ball
3-0: Base on Balls
Andrés Vázquez to second
Batting: LHB Robert Moore 0-0: Called Strike
0-1: Ball
1-1: Ball
2-1: Foul Ball, location: 2F
2-2: Ball
3-2: Foul Ball, location: 2F
3-2: Strikes out looking
Top of the 7th over - 0 runs, 1 hit, 0 errors, 2 left on base; Greenville 1 - New York 5
BOTTOM OF THE 7TH
New York Knights batting - Pitching for Greenville 84s : LHP Walt MacKey
Batting: LHB Bob Campbell 0-0: Ball
1-0: Reached on error, E5 (Groundball, 5)
Batting: RHB Jackson Gibson 0-0: Intentional Walk
Batting: LHB Willie Wallace 0-0: Called Strike
0-1: Ball
1-1: Fly out, F8 (Flyball, 8RD)
Batting: SHB Mark Wells 0-0: Ball
Throwing error on steal attempt, E2
Bob Campbell scores
Jackson Gibson to third
1-0: Called Strike
1-1: Ball
2-1: Ball
3-1: Fly out, F9 (Flyball, 89M)
Runner from 3rd tags up, SCORES, no throw
Batting: RHB Alberto Hernández 0-0: Ball
1-0: Ball
2-0: Ball
3-0: Base on Balls
Batting: RHB Gerald Miller 0-0: Called Strike
0-1: Ball
1-1: Called Strike
1-2: Ball
2-2: Ball
3-2: Base on Balls
Alberto Hernández to second
Batting: RHB Robert Downing 0-0: Called Strike
0-1: Fly out, F8 (Flyball, 8LM)
Bottom of the 7th over - 2 runs, 0 hits, 2 errors, 2 left on base; Greenville 1 - New York 7
TOP OF THE 8TH
Greenville 84s batting - Pitching for New York Knights : LHP Henny van der Lack
Batting: RHB Pat Fernández 0-0: Foul Ball, location: 2F
0-1: Ball
1-1: Called Strike
1-2: Strikes out swinging
Batting: LHB Jimmy Vickers 0-0: Ball
1-0: Called Strike
1-1: Ground out 1-3 (Groundball, 13S)
Batting: RHB Patrick Potts 0-0: Ball
1-0: Ball
2-0: Foul Ball, location: 2F
2-1: SINGLE (Groundball, 4MD)
Batting: RHB Robert Buckley 0-0: Ball
1-0: Swinging Strike
1-1: Foul Ball, location: 2F
1-2: Ball
2-2: DOUBLE (Line Drive, 89S)
Patrick Potts to third
Runner from 3rd tries for Home, SAFE, no throw
Batting: RHB Jeff Packard 0-0: Foul Ball, location: 2F
0-1: Ball
1-1: Fly out, F8 (Flyball, 8RM)
Top of the 8th over - 1 run, 2 hits, 0 errors, 1 left on base; Greenville 2 - New York 7
BOTTOM OF THE 8TH
New York Knights batting - Pitching for Greenville 84s : LHP Walt MacKey
Batting: RHB Jason Blair 0-0: Ball
1-0: SINGLE (Groundball, 56D)
Batting: SHB Chris Young 0-0: Called Strike
0-1: Swinging Strike
Passed Ball!
Jason Blair to second
0-2: Foul Ball, location: 2F
0-2: 2-RUN HOME RUN (Flyball, 7D), Distance : 366 ft
Batting: LHB Bob Campbell 0-0: Ball
1-0: Called Strike
1-1: Called Strike
1-2: Ball
2-2: Foul Ball, location: 2F
2-2: SINGLE (Groundball, 6) (infield hit)
Batting: RHB Jackson Gibson 0-0: Swinging Strike
0-1: Ball
1-1: Ball
2-1: Swinging Strike
2-2: Foul Ball, location: 2F
2-2: Fly out, F6 (Line Drive, 6)
Lined into DP, 6-3 (Line Drive, 6)
Batting: LHB Willie Wallace 0-0: Ball
1-0: Ball
2-0: Called Strike
2-1: Foul Ball, location: 2F
2-2: Ball
3-2: Foul Ball, location: 2F
3-2: Strikes out swinging
Bottom of the 8th over - 2 runs, 3 hits, 0 errors, 0 left on base; Greenville 2 - New York 9
TOP OF THE 9TH
Greenville 84s batting - Pitching for New York Knights : LHP Henny van der Lack
Now at 1B: Bill McCraney
Now in LF: Nicholas Alston
Batting: LHB Andrés Vázquez 0-0: Swinging Strike
0-1: Ball
1-1: Ball
2-1: Ball
3-1: Called Strike
3-2: Foul Ball, location: 2F
3-2: Foul Ball, location: 2F
3-2: Foul Ball, location: 2F
3-2: Ground out 1-3 (Groundball, 13S)
Batting: LHB Stanley Smith 0-0: Ball
1-0: Ball
2-0: Ball
3-0: Base on Balls
Pitching: RHP José Gómez
Batting: RHB Ramiro Chávez 0-0: Ball
1-0: Called Strike
1-1: Foul Ball, location: 2F
1-2: Ball
2-2: SINGLE (Groundball, 34D)
Stanley Smith to second
Batting: LHB Robert Moore 0-0: Foul Ball, location: 2F
0-1: Fly out, F7 (Flyball, 7S)
Batting: RHB Pat Fernández 0-0: Called Strike
0-1: Called Strike
0-2: Ball
1-2: Ball
2-2: Ball
3-2: Fly out, F5 (Line Drive, 5S)
Top of the 9th over - 0 runs, 1 hit, 0 errors, 2 left on base; Greenville 2 - New York 9
Saturday, April 7th, 2018 - OOTP Baseball 18.8 Build 76